 Dungeon Crawl Stone Soup version 0.30.1-1-g62c8e00024 (webtiles) character file.

Game seed: 7706546433590238935

11749 Sabo the Cleaver (level 11, -2/82 (85) HPs)
             Began as a Demonspawn Gladiator on July 13, 2023.
             Was a Believer of Qazlal.
             Slain by a profane servitor
             ... wielding a +1 whip
              (11 damage)
             ... on level 1 of the Abyss on July 14, 2023.
             The game lasted 01:01:23 (11252 turns).

Sabo the Cleaver (Demonspawn Gladiator)            Turns: 11252, Time: 01:01:23

HP:   -2/82 (85)    AC: 21    Str: 21      XL:     11   Next: 53%
MP:   0/11          EV: 15    Int:  8 (9)  God:    Qazlal [**....]
Gold: 1832          SH:  3    Dex: 29      Spells: 10/10 levels left

rFire   . . .        A - +3 hand axe (elec)
rCold   . . .        (no shield)
rNeg    . . .        s - +4 scale mail {rPois}
rPois   +            c - +0 helmet
rElec   +            m - +2 cloak "Wynwy" {rElec Will- Dex+5 SInv}
rCorr   +            o - +0 pair of gloves
SInv    +            i - +0 pair of boots
Will    .....        (no amulet)
Stlth   ++           b - +6 ring of dexterity
HPRegen 0.33/turn    C - ring "Juduesam" {Drain rElec rCorr Str+2 Dex+3}
MPRegen 0.24/turn

%: guardian spirit
@: wreathed by umbra, lightly drained
A: yellow scales 1, magic shield, magic regeneration, demonic touch 1
a: Renounce Religion, Upheaval


You were on level 1 of the Abyss.
You worshipped Qazlal.
Qazlal was pleased with you.
You visited 2 branches of the dungeon, and saw 12 of its levels.
You visited the Abyss 1 time.
You also visited: Ossuary.

You collected 1912 gold pieces.
You spent 80 gold pieces at shops.

Inventory:

Hand Weapons
 a - a +0 war axe
 j - a +3 spear of freezing
 t - a +0 heavy sling
 A - a +3 hand axe of electrocution (weapon)
Missiles
 d - a throwing net (quivered)
 e - 7 javelins
 l - 13 boomerangs
 y - 7 curare-tipped darts
 H - 19 poisoned darts
Armour
 c - a +0 helmet (worn)
 i - a +0 pair of boots (worn)
 m - the +2 cloak "Wynwy" (worn) {rElec Will- Dex+5 SInv}
   (You found it on level 4 of the Dungeon)

   Dex:       It affects your dexterity (+5).
   rElec:     It insulates you from electricity.
   SInv:      It lets you see invisible.
   Will:      It decreases your willpower.
 o - a +0 pair of gloves (worn)
 s - a +4 scale mail of poison resistance (worn)
 B - the +4 robe of Augmentation {Str+4 Int+4 Dex+4}
   (You found it on level 6 of the Dungeon)

   Str:       It affects your strength (+4).
   Int:       It affects your intelligence (+4).
   Dex:       It affects your dexterity (+4).
 G - a +0 hat of stealth
Jewellery
 b - a +6 ring of dexterity (left hand)
 p - a ring of flight
 C - the ring "Juduesam" (right hand) {Drain rElec rCorr Str+2 Dex+3}
   (You acquired it on level 10 of the Dungeon)

   [ring of resist corrosion]

   Str:       It affects your strength (+2).
   Dex:       It affects your dexterity (+3).
   rElec:     It insulates you from electricity.
   rCorr:     It protects you from acid and corrosion.
   Drain:     It drains your maximum health when unequipped.
 D - a +6 ring of dexterity
Wands
 w - a wand of digging (3)
Scrolls
 g - 2 scrolls of magic mapping
 n - 3 scrolls of blinking
 v - 6 scrolls of teleportation
 I - 2 scrolls of fog
 J - a scroll of fear
Potions
 f - 2 potions of heal wounds
 h - 2 potions of haste {unknown}
 k - 8 potions of curing
 q - 3 potions of invisibility
 r - 2 potions of flight
 u - a potion of ambrosia
 x - 2 potions of resistance
 z - 3 potions of might
 E - 2 potions of magic


   Skills:
 + Level 7.7 Fighting
 + Level 11.9 Axes
 + Level 1.9 Throwing
 + Level 8.2 Armour
 + Level 6.0 Dodging
 + Level 3.1 Stealth
 + Level 1.4 Shields


You had 10 spell levels left.
You didn't know any spells.
Your spell library contained the following spells:

 Spells                   Type           Power      Damage    Failure   Level
 Apportation              Tloc           0%         N/A       71%         1
 Necrotise                Necr           0%         1d4       71%         1
 Slow                     Hex            0%         N/A       71%         1
 Summon Small Mammal      Summ           0%         N/A       71%         1
 Confusing Touch          Hex            0%         N/A       97%         3
 Ozocubu's Armour         Ice            0%         N/A       97%         3
 Portal Projectile        Hex/Tloc       0%         N/A       97%         3
 Tukima's Dance           Hex            0%         N/A       97%         3
 Vampiric Draining        Necr           0%         2d6       97%         3
 Blade Hands              Tmut           0%         N/A       100%        5
 Ozocubu's Refrigeration  Ice            0%         4d7       100%        7


Dungeon Overview and Level Annotations

Branches:
Dungeon (11/15)            Temple (1/1) D:6            Lair (0/5) D:9
Ossuary (visited)
    Orc: D:9-12

Altars:
Ashenzari
Cheibriados
Dithmenos
Fedhas
Gozag
Hepliaklqana
Kikubaaqudgha
Makhleb
Nemelex Xobeh
Okawaru
Qazlal
Ru
Sif Muna
Trog
Uskayaw
Vehumet
Wu Jian
Xom
Yredelemnul

Shops:
D:2 !   D:3 (   D:5 (   D:8 *   D:10 :

Annotations:
D:7 2 transporters, GimliDwarf's ghost, novice GnWn
D:11 Erolcha; Harold


Innate Abilities, Weirdness & Mutations

You are partially covered in yellow scales. (AC +2)
When hurt, damage is shared between your health and your magic reserves.
You regenerate magic rapidly.
Your touch may inflict minor irresistible damage on your foes.


Message History

You barely miss the profane servitor.
The profane servitor hits you with a +1 whip!
* * * LOW HITPOINT WARNING * * *
The profane servitor draws strength from your injuries!
You block the profane servitor's attack.
You hit the profane servitor but do no damage.
The profane servitor hits you with a +1 whip.
* * * LOW HITPOINT WARNING * * *
The profane servitor draws strength from your injuries!
The profane servitor misses you.
You closely miss the profane servitor.
The profane servitor hits you but does no damage.
The profane servitor hits you with a +1 whip.
* * * LOW HITPOINT WARNING * * *
You hit the profane servitor. Your touch misses the profane servitor.
The profane servitor is lightly damaged.
The profane servitor misses you.
The profane servitor hits you with a +1 whip.
* * * LOW HITPOINT WARNING * * *
You miss the profane servitor. Your touch misses the profane servitor.
You block the profane servitor's attack.
The profane servitor hits you with a +1 whip.
* * * LOW HITPOINT WARNING * * *
You slash the profane servitor! Your touch misses the profane servitor.
The profane servitor is lightly damaged.
The profane servitor completely misses you.
The profane servitor misses you.
You closely miss the profane servitor.
The profane servitor is lightly damaged.
The profane servitor hits you but does no damage.
The profane servitor hits you with a +1 whip!
* * * LOW HITPOINT WARNING * * *
You hit the profane servitor but do no damage.
The profane servitor is lightly damaged.
The profane servitor misses you.
The profane servitor hits you but does no damage.
You hit the profane servitor but do no damage.
The profane servitor is lightly damaged.
The profane servitor hits you with a +1 whip!
You die...

#.# # # .# .#
.#. #.#..x. #
....#####.#...#
##... .#.# ##
...#. .#...###
. .......... #
...##..### ..
#...# # #
##@##.#.#
#.A....#
##..#.....
#....#. ....
##....##..#.
##...# .# ##...
# #.... .#..#


You could see a profane servitor.

Vanquished Creatures
  Gastronok (D:8)
  A boulder beetle (D:11)
  Nergalle (D:10)
  Lodul (D:10)
  Pikel (D:4)
  A komodo dragon (D:9)
  2 trolls
  Sigmund (D:3)
  A vampire (D:11)
  4 yaks (D:10)
  A shadow (D:10)
  A wyvern (D:8)
  A basilisk (D:11)
  A neqoxec (Abyss:1)
  Grum (D:10)
  2 vampire mosquitoes (D:11)
  Menkaure (D:4)
  Duvessa (D:5)
  A water moccasin (D:9)
  3 ice beasts
  An orc warrior (D:9)
  A sky beast (D:4)
  3 black bears (D:9)
  9 ogres (D:10)
  5 centaurs
  3 wolves (D:10)
  2 phantoms
  2 kobold brigands
  3 elf zombies (Ossuary)
  9 bullfrogs
  4 scorpions
  8 wights
  Dowan (D:5)
  10 killer bees (D:8)
  8 howler monkeys
  5 centaur zombies (Ossuary)
  3 jellies
  4 human zombies (Ossuary)
  2 orc priests
  2 gnoll boudas
  A sleepcap (D:5)
  4 iguanas
  8 orc wizards
  Terence (D:2)
  A small abomination (Abyss:1)
  4 mummies
  9 gnolls
  7 adders
  2 shadow imps
  3 white imps (D:5)
  3 ufetubi
  3 worms
  3 dart slugs
  24 orcs
  16 ball pythons
  5 bats
  11 endoplasms
  4 giant cockroaches
  6 goblins
  7 hobgoblins
  4 jackals
  14 kobolds
  5 quokkas
  2 frilled lizards (D:1)
  A kobold zombie (D:4)
  An orc zombie (D:4)
  7 rats
268 creatures vanquished.

Vanquished Creatures (others)
  A two-headed ogre skeleton (Abyss:1)
  An ufetubus (Abyss:1)
2 creatures vanquished.

Grand Total: 270 creatures vanquished

Notes
Turn   | Place    | Note
-------+----------+-------------------------------------------
     0 | D:1      | Sabo the Demonspawn Gladiator began the quest for the Orb.
     0 | D:1      | Reached XP level 1. HP: 16/16 MP: 1/1
   168 | D:1      | Reached skill level 3 in Axes
   192 | D:1      | Gained mutation: You are partially covered in yellow
                  | scales. (AC +2) [demonic ancestry]
   192 | D:1      | Reached XP level 2. HP: 22/22 MP: 2/2
   835 | D:2      | Reached XP level 3. HP: 24/28 MP: 3/3
  1015 | D:2      | Found Ubiho's Distillery.
  1058 | D:2      | Reached skill level 1 in Armour
  1099 | D:2      | Noticed Terence
  1141 | D:2      | Killed Terence
  1142 | D:2      | Gained mutation: Your touch may inflict minor irresistible
                  | damage on your foes. [demonic ancestry]
  1142 | D:2      | Reached XP level 4. HP: 25/34 MP: 4/4
  1209 | D:2      | Bought a potion of heal wounds for 50 gold pieces
  1209 | D:2      | Bought a potion of curing for 30 gold pieces
  1480 | D:3      | Found a shimmering altar of Xom.
  1487 | D:3      | Reached skill level 4 in Axes
  1624 | D:3      | Reached XP level 5. HP: 24/39 MP: 5/5
  2032 | D:3      | Found Sivittas's Weapon Shoppe.
  2368 | D:3      | Noticed Sigmund
  2397 | D:3      | Killed Sigmund
  2398 | D:3      | Reached skill level 5 in Axes
  2398 | D:3      | Reached XP level 6. HP: 27/47 MP: 6/6
  2549 | D:4      | Identified the +2 cloak "Wynwy" {rElec Will- Dex+5 SInv}
  2613 | D:4      | Found a sand-covered staircase.
  2623 | Ossuary  | Entered an ossuary
  2750 | Ossuary  | Gained mutation: You regenerate magic rapidly. [demonic
                  | ancestry]
  2750 | Ossuary  | Reached XP level 7. HP: 52/52 MP: 7/7
  2774 | Ossuary  | Reached skill level 6 in Axes
  2820 | Ossuary  | Reached skill level 1 in Stealth
  2957 | D:4      | Noticed Menkaure
  2958 | D:4      | Noticed Pikel
  2964 | D:4      | Killed Menkaure
  2974 | D:4      | Killed Pikel
  2975 | D:4      | Reached skill level 7 in Axes
  2975 | D:4      | Gained mutation: When hurt, damage is shared between your
                  | health and your magic reserves. [demonic ancestry]
  2975 | D:4      | Reached XP level 8. HP: 44/61 MP: 8/8
  3088 | D:4      | Found an iron altar of Okawaru.
  3878 | D:5      | Entered Level 5 of the Dungeon
  3878 | D:5      | Found Mugraamn's Weapon Shop.
  3906 | D:5      | Reached skill level 8 in Axes
  3913 | D:5      | Noticed Duvessa
  3918 | D:5      | Noticed Dowan
  3923 | D:5      | Killed Duvessa
  3925 | D:5      | Killed Dowan
  4140 | D:5      | Reached XP level 9. HP: 65/67 MP: 9/9
  4460 | D:5      | Reached skill level 5 in Fighting
  4986 | D:6      | Found a staircase to the Ecumenical Temple.
  4999 | Temple   | Entered the Ecumenical Temple
  5048 | Temple   | Became a worshipper of Qazlal Stormbringer
  5069 | D:6      | Upgraded the game from 0.30.1 to 0.30.1-1-g62c8e00024
  5076 | D:6      | Found the +4 robe of Augmentation {Str+4 Int+4 Dex+4}
  5089 | D:6      | Found a shadowy altar of Dithmenos.
  5100 | D:6      | Found an opulent altar of Gozag.
  5792 | D:7      | Reached skill level 9 in Axes
  5854 | D:7      | Reached skill level 5 in Armour
  6809 | D:7      | Found a transporter.
  6814 | D:7      | Noticed GimliDwarf's ghost (novice GnWn)
  7178 | D:7      | Identified the +4 great mace "Welyrraf" {spect, rN+ Str+3}
  7184 | D:7      | Found a transporter.
  7574 | D:8      | Reached * piety under Qazlal
  7903 | D:8      | Reached XP level 10. HP: 77/77 MP: 10/10
  8282 | D:8      | Reached skill level 10 in Axes
  8361 | D:8      | Found Logem's Luxury Loot.
  8384 | D:8      | Noticed Gastronok
  8406 | D:8      | Killed Gastronok
  8685 | D:9      | Found a sacrificial altar of Ru.
  8793 | D:9      | Reached skill level 1 in Shields
  8813 | D:9      | Reached skill level 5 in Dodging
  8890 | D:9      | Found a staircase to the Lair.
  8987 | D:9      | Found a shimmering blue altar of Sif Muna.
  9197 | D:9      | Found a hazy altar of Hepliaklqana.
  9689 | D:10     | Entered Level 10 of the Dungeon
 10042 | D:10     | Reached skill level 11 in Axes
 10061 | D:10     | Reached XP level 11. HP: 83/84 MP: 11/11
 10064 | D:10     | Reached ** piety under Qazlal
 10312 | D:10     | Noticed Grum
 10328 | D:10     | Killed Grum
 10537 | D:10     | Found Xusch's Book Shop.
 10544 | D:10     | Noticed Lodul
 10566 | D:10     | Killed Lodul
 10717 | D:10     | Noticed Nergalle
 10733 | D:10     | Killed Nergalle
 10883 | D:10     | Identified 2 scrolls of acquirement
 10883 | D:10     | Acquired 900 gold pieces
 10887 | D:10     | Acquired the ring "Juduesam" {Drain rElec rCorr Str+2
                  | Dex+3}
 10897 | D:11     | Noticed a boulder beetle
 10934 | D:11     | Killed a boulder beetle
 11120 | D:11     | Noticed a centaur warrior
 11120 | D:11     | Noticed Erolcha
 11120 | D:11     | Noticed a deep elf pyromancer
 11121 | D:11     | Noticed a green ugly thing
 11122 | D:11     | Noticed a four-headed hydra
 11122 | D:11     | Noticed Harold
 11126 | Abyss:1  | Cast into level 1 of the Abyss (Erolcha)
 11208 | Abyss:1  | Noticed a profane servitor
 11252 | Abyss:1  | Slain by a profane servitor

Illustrated notes

Levels and vault maps discovered:
D:1:      mushboom_english_gardens, layout_loops_cross
D:2:      layout_basic, serial_shops, shop, minmay_tetromino_i2, uniq_terence
D:3:      layout_loops_ring, mainiacjoe_overflow_chevrons, serial_shops,
          shop_fountains, uniq_sigmund
D:4:      layout_loops_ring, old_standard_altar, general_overflow_altar,
          nicolae_ossuary_entry_giza, uniq_pikel, uniq_menkaure
D:5:      layout_basic, minivault_26, nicolae_stop_n_shop_1, uniq_duvessa
D:6:      layout_basic, lemuel_tele_altar, mainiacjoe_overflow_boulevard,
          minmay_temple_entry_statues_fountains
D:7:      layout_layer_cave, gammafunk_ghost_smash
D:8:      layout_loops_ring, nicolae_alphabet_shops, uniq_gastronok
D:9:      layout_roguey, nicolae_overflow_crystal_walls,
          mainiacjoe_overflow_catch_the_wave, due_lair_maze_entry_diamond,
          billiards_dpeg
D:10:     layout_basic, nicolae_stop_n_shop_1, uniq_grum, uniq_lodul,
          uniq_nergalle
D:11:     layout_small_grid, minivault_28, uniq_erolcha, uniq_fannar,
          uniq_harold
Temple:   nicolae_temple_ecumenical_triangle
Abyss:1:  base: D:9, serial_sigils_hangedman_snap, lemuel_flamethrower_hall

Skill      XL: |  1  2  3  4  5  6  7  8  9 10 11 |
---------------+----------------------------------+-----
Axes           | 3 4 5 7 8 9 11 | 11.9
Armour         | 1 2 4 5 7 8 |  8.2
Fighting       | 3 4 6 7 |  7.7
Dodging        | 3 4 5 6 |  6.0
Stealth        | 1 2 3 |  3.1
Shields        | 1 |  1.4
Throwing       | |  1.9

Action                     |  1- 3 |  4- 6 |  7- 9 | 10-12 || total
---------------------------+-------+-------+-------+-------++-------
  Melee: War axe           |   109 |   107 |   189 |       ||   405
         Touch             |       |    26 |    66 |    65 ||   157
         Punch             |       |     3 |     4 |     3 ||    10
         Hand axe          |       |       |   128 |   303 ||   431
  Throw: Throwing net      |     2 |       |       |       ||     2
    Use: Scroll            |       |     6 |     9 |     9 ||    24
         Potion            |       |     1 |     1 |     4 ||     6
 Armour: Scale mail        |    64 |    76 |   163 |   130 ||   433
         Leather armour    |     1 |       |       |       ||     1
  Dodge: Dodged            |    80 |    60 |   211 |   186 ||   537
  Block: Other             |       |       |     1 |    21 ||    22
